AoeStats
← уринатерапевт

Fortress

509865929Analyzed
2v2 RM · 5d ago on Sep 28, 2026· 62m 1s· 4 players
Game mode
Random Map
Map size
Normal (6 player)
Population
200
Speed
Normal
Resources
Standard
Victory
Conquest
Starting age
Dark Age
Ending age
Imperial Age
RankedLock teamsTeams togetherTeam positionsShared explorationLock speedFull tech treeHidden civsTurbo modeCheats
Victory
Defeat
🇷🇺 Portuguese · Russia
1389
+15
1386
+16
🇨🇦 Spanish · Canada
1384
-16
🇩🇪 Khmer · Germany
1369
-15
Jaha
6:52 Feudal Age
10:44 Castle Age
9:23 Double-Bit Axe
10:26 Horse Collar
17:22 Sanctity
18:25 Husbandry
18:49 Fervor
19:00 Fletching
19:38 Town Watch
22:05 Bodkin Arrow
22:02 Elite Skirmisher
23:50 Elite Skirmisher
24:51 Padded Archer Armor
26:10 Loom
27:06 Wheelbarrow
28:09 Leather Archer Armor
29:43 Ballistics
31:36 Thumb Ring
33:04 Hand Cart
34:14 Forging
37:28 Imperial Age
35:45 Fortified Wall
36:28 Scale Barding Armor
37:10 Bloodlines
38:13 Iron Casting
38:13 Bracer
37:54 Cavalier
39:05 Chain Barding Armor
40:18 Chemistry
41:05 Blast Furnace
41:24 Paladin
44:09 Conscription
47:27 Plate Barding Armor
48:40 Light Cavalry
50:19 Ring Archer Armor
50:48 Caravan
53:53 Gold Mining
55:53 Hussar
57:17 Bow Saw
59:15 Scale Mail Armor
60:45 Supremacy
60:52 Elite Conquistador
MZTK / Dampflok
6:14 Feudal Age
8:21 Loom
11:09 Castle Age
10:00 Double-Bit Axe
11:58 Horse Collar
13:57 Bow Saw
18:24 Sanctity
19:17 Wheelbarrow
20:15 Heavy Plow
22:24 Hand Cart
23:47 Stone Mining
26:54 Imperial Age
25:08 Bloodlines
24:58 Husbandry
25:57 Fletching
26:16 Scale Barding Armor
26:25 Light Cavalry
27:38 Forging
27:26 Cavalier
30:07 Chain Barding Armor
30:06 Bodkin Arrow
30:27 Gold Mining
32:27 Iron Casting
34:06 Plate Barding Armor
35:50 Conscription
35:42 Hussar
40:17 Masonry
41:11 Gold Shaft Mining
41:37 Hoardings
42:03 Architecture
41:35 Sappers
42:51 Ballistics
43:50 Siege Engineers
44:01 Caravan
48:10 Blast Furnace
50:38 Bracer
58:55 Chemistry
GLOBAL ELITE
7:09 Feudal Age
7:16 Loom
8:48 Double-Bit Axe
12:16 Castle Age
10:50 Gold Mining
10:54 Horse Collar
12:45 Stone Mining
20:18 Bow Saw
24:58 Imperial Age
23:29 Treadmill Crane
24:15 Masonry
23:57 Fletching
24:41 Forging
25:10 Stone Shaft Mining
26:44 Chemistry
27:30 Bodkin Arrow
28:39 Bracer
28:34 Light Cavalry
29:24 Bloodlines
30:21 Husbandry
30:27 Scale Barding Armor
30:58 Iron Casting
31:44 Chain Barding Armor
32:00 Ballistics
31:51 Fortified Wall
32:20 Conscription
33:45 Blast Furnace
33:20 Murder Holes
34:22 Bombard Tower
35:29 Guilds
37:28 Plate Barding Armor
37:47 Architecture
39:12 Scale Mail Armor
39:13 Padded Archer Armor
40:53 Chain Mail Armor
40:54 Leather Archer Armor
40:05 Cavalier
41:03 Heavy Plow
41:48 Arquebus
44:08 Ring Archer Armor
44:19 Siege Engineers
46:39 Wheelbarrow
45:53 Town Watch
46:40 Plate Mail Armor
46:25 Thumb Ring
48:42 Coinage
49:45 Two-Man Saw
50:34 Hand Cart
50:20 Town Patrol
51:43 Banking
52:45 Circumnavigation
55:41 Man-at-Arms
56:07 Gambesons
56:07 Arson
55:42 Pikeman
56:40 Long Swordsman
57:41 Two-Handed Swordsman
59:36 Champion
59:38 Halberdier
уринатерапевт
7:06 Feudal Age
10:45 Castle Age
8:43 Double-Bit Axe
8:47 Horse Collar
17:13 Bow Saw
19:12 Bloodlines
19:31 Padded Archer Armor
21:02 Wheelbarrow
21:02 Leather Archer Armor
22:25 Loom
23:47 Devotion
24:12 Hand Cart
25:37 Husbandry
30:14 Imperial Age
31:05 Fletching
31:46 Ring Archer Armor
33:21 Two-Man Saw
31:43 Elite Conquistador
32:52 Supremacy
32:52 Conscription
34:08 Fervor
34:57 Sanctity
34:27 Town Watch
35:08 Bodkin Arrow
35:59 Town Patrol
36:31 Bracer
36:47 Scale Mail Armor
36:57 Forging
36:52 Pikeman
37:33 Squires
37:54 Halberdier
39:16 Chain Mail Armor
39:01 Arson
40:33 Chemistry
40:33 Plate Mail Armor
41:15 Iron Casting
40:30 Light Cavalry
41:54 Coinage
43:07 Blast Furnace
42:14 Scale Barding Armor
42:23 Fortified Wall
42:24 Masonry
42:32 Heavy Plow
47:37 Caravan
50:41 Chain Barding Armor
52:45 Plate Barding Armor
51:33 Hussar
54:23 Two-Man Saw
57:17 Banking
58:31 Architecture
60:56 Capped Ram
Connection lost

Rejoining the realm…

Still unreachable

The connection could not be restored.

Session expired

The server has moved on; the page needs a fresh start.